 Dungeon Crawl Stone Soup version 0.26.1-10-gdfb7c7de75 (webtiles) character file.

Game seed: 2465811831877261886

10604 raph the Impaler (level 11, -3/83 HPs)
             Began as a Merfolk Gladiator on Apr 7, 2021.
             Was a High Priest of Sif Muna.
             Slain by a black mamba (14 damage)
             ... on level 1 of the Lair of Beasts.
             The game lasted 00:22:04 (13790 turns).

raph the Impaler (Merfolk Gladiator)               Turns: 13790, Time: 00:22:05

Health: -3/83      AC: 13    Str: 14    XL:     11   Next: 64%
Magic:  15/15      EV: 18    Int:  8    God:    Sif Muna [*****.]
Gold:   641        SH:  0    Dex: 19    Spells: 6/16 levels left

rFire    + + +     SeeInvis +   a - +3 glaive (venom)
rCold    x . .     Faith    .   (shield currently unavailable)
rNeg     . . .     Spirit   .   A - +0 leather armour
rPois    .         Reflect  .   c - +2 helmet
rElec    .         Harm     .   r - +0 cloak of Plasticity {rF++ rC- Will+ SInv} (curse)
rCorr    +         Rampage  .   y - +2 pair of gloves
Will     +....                  o - +2 pair of boots
Stlth    +.........             (no amulet)
HPRegen  0.23/turn              k - ring of resist corrosion
MPRegen  0.14/turn              l - ring of protection from fire

@: lethally poisoned (-3 -> -63)
A: change form in water, swift swim, stealthy swim
a: Renounce Religion, Channel Magic, Forget Spell, Divine Exegesis


You were on level 1 of the Lair of Beasts.
You worshipped Sif Muna.
Sif Muna was extremely pleased with you.
You visited 2 branches of the dungeon, and saw 10 of its levels.

You collected 641 gold pieces.

Inventory:

Hand Weapons
 a - a +3 glaive of venom (weapon)
 b - a +2 trident
 B - a +0 halberd
 C - a +0 glaive
 D - a +2 halberd of venom
Missiles
 d - 4 throwing nets
 v - 17 boomerangs (quivered)
Armour
 c - a +2 helmet (worn)
 o - a +2 pair of boots (worn)
 r - the cursed +0 cloak of Plasticity (worn) {rF++ rC- Will+ SInv}
   (You found it on level 1 of the Lair of Beasts)

   It greatly protects you from fire.
   It makes you vulnerable to cold.
   It affects your willpower, your defense against some magical effects.
   It lets you see invisible.
   It has a curse placed upon it.
 w - a scarf of shadows
 y - a +2 pair of gloves (worn)
 A - a +0 leather armour (worn)
Magical Staves
 x - an uncursed staff of fire
Jewellery
 k - a ring of resist corrosion (left hand)
 l - a ring of protection from fire (right hand)
Wands
 q - a wand of acid (5)
 F - a wand of random effects (30)
 H - a wand of iceblast (9)
Scrolls
 f - a scroll of remove curse
 g - 5 scrolls of teleportation
 i - 3 scrolls of magic mapping
 z - 2 scrolls of fog
Potions
 e - 3 potions of cancellation
 h - 2 potions of ambrosia
 j - 2 potions of degeneration
 m - 4 potions of curing
 n - a potion of resistance
 p - 2 potions of might
 s - 3 potions of mutation
 t - a potion of attraction
 u - 2 potions of heal wounds
 E - 2 potions of magic {unknown}
Miscellaneous
 G - a condenser vane


   Skills:
 - Level 6.6 Fighting
 * Level 19.2 Polearms
 - Level 2.0 Throwing
 - Level 8.6 Dodging
 + Level 3.2 Spellcasting
 - Level 2.9 Conjurations
 + Level 0.0 Necromancy
 + Level 3.9 Poison Magic


You had 6 spell levels left.
You knew the following spells:

 Your Spells              Type           Power        Failure   Level
a - Apportation           Tloc           2%           38%         1
b - Poisonous Vapours     Pois/Air       8%           26%         2
c - Mephitic Cloud        Conj/Pois/Air  4%           43%         3
d - Animate Dead          Necr           0%           99%         4

Your spell library contained the following spells:

 Spells                   Type           Power        Failure   Level
 Searing Ray              Conj           12%          19%         2
 Corpse Rot               Necr/Air       N/A          52%         2
 Sublimation of Blood     Necr           0%           52%         2
 Conjure Flame            Conj/Fire      3%           54%         3
 Vampiric Draining        Necr           0%           77%         3
 Dispel Undead            Necr           1%           99%         4
 Agony                    Necr           1%           100%        5
 Excruciating Wounds      Necr           0%           100%        5
 Freezing Cloud           Conj/Ice/Air   1%           100%        6
 Chain Lightning          Conj/Air       1%           100%        8


Dungeon Overview and Level Annotations

Branches:
Dungeon (9/15)             Temple (0/1) D:6            Lair (1/6) D:9
    Orc (0/2) D:9

Altars:
Okawaru
Sif Muna

Shops:
D:4 =   D:6 }   D:9 }


Message History

You are more poisoned.
The black mamba poisons you! The cane toad stings you!
* * * LOW HITPOINT WARNING * * *
The black mamba closely misses you.
You feel much better.
You feel very sick. The black mamba completely misses you.
The cane toad stings you!
You are more poisoned.
The cane toad poisons you! The black mamba closely misses you.
You feel extremely sick. The black mamba closely misses you.
* * * LOW HITPOINT WARNING * * *
You feel very sick.
* * * LOW HITPOINT WARNING * * *
You feel very sick. The black mamba misses you.
The cane toad closely misses you.
* * * LOW HITPOINT WARNING * * *
You feel very sick. The black mamba bites you!
You die...

#...## #........##
#D.## #.........# ...#
#........## #..#
#.........# . ...#
##........# .....#
###.........## ... ..
.........F...# .. ...
........S...## ≈ ♣≈♣
≈.......@...#
♣♣♣≈≈♣♣♣♣♣≈♣♣###....#
≈♣≈≈P≈≈≈≈♣♣≈ ♣♣♣....#
≈≈≈≈≈≈≈P≈≈≈≈≈♣P♣....##
≈≈≈≈≈≈≈≈♣≈≈≈P≈♣≈.....#
≈÷≈≈≈≈≈≈≈≈♣≈≈≈≈≈P...##
≈≈≈≈≈≈≈≈≈≈P≈≈≈P≈≈♣..#
≈≈≈≈≈≈≈≈≈≈≈≈≈≈≈≈♣≈..#
≈†≈≈≈≈≈≈≈≈≈≈PP≈≈≈♣..##


You could see a black mamba (very poisoned) and a cane toad.

Vanquished Creatures
  2 hydras (Lair:1)
  A two-headed ogre (D:8)
  A black mamba (Lair:1)
  A rime drake (Lair:1)
  2 komodo dragons
  Grinder (D:4)
  Prince Ribbit (D:5)
  2 trolls (D:9)
  4 yaks
  Eustachio (D:4)
  A wyvern (Lair:1)
  Edmund (D:6)
  A water moccasin (Lair:1)
  6 orc warriors
  An ice beast (D:6)
  13 wolves
  3 sky beasts
  4 centaurs
  6 ogres
  3 gnoll sergeants
  6 big kobolds
  6 bullfrogs
  A scorpion (D:8)
  4 howler monkeys
  8 wights
  2 electric eels (Lair:1)
  3 jellies
  5 hounds
  A bullfrog skeleton (D:9)
  2 orc priests
  A centaur skeleton (D:9)
  12 orc wizards
  An iguana (D:4)
  Jessica (D:3)
  6 worker ants
  A worker ant zombie (D:7)
  4 adders
  8 gnolls
  A howler monkey skeleton (D:3)
  2 shadow imps (D:6)
  A white imp (D:9)
  An ufetubus (D:6)
  An ooze (D:2)
  An adder zombie (D:9)
  2 adder skeletons (D:4)
  3 worms
  7 dart slugs
  4 leopard geckos
  36 orcs
  8 bats
  7 giant cockroaches
  8 goblins
  6 hobgoblins
  12 jackals
  13 kobolds
  6 quokkas
  4 ball pythons
  4 frilled lizards
  A leopard gecko skeleton (D:4)
  9 rats
264 creatures vanquished.

Vanquished Creatures (others)
  An orc wizard (D:6)
  5 fungi
  19 plants
25 creatures vanquished.

Grand Total: 289 creatures vanquished

Notes
Turn   | Place    | Note
-------+----------+-------------------------------------------
     0 | D:1      | raph the Merfolk Gladiator began the quest for the Orb.
     0 | D:1      | Reached XP level 1. HP: 16/16 MP: 1/1
   196 | D:1      | Reached XP level 2. HP: 22/23 MP: 2/2
   252 | D:1      | Reached skill level 5 in Polearms
   450 | D:1      | Reached XP level 3. HP: 28/28 MP: 3/3
  1297 | D:2      | Reached XP level 4. HP: 34/34 MP: 4/4
  1397 | D:2      | Reached skill level 6 in Polearms
  1833 | D:3      | Found a faded altar of an unknown god.
  1841 | D:3      | Became a worshipper of Sif Muna the Loreminder
  1841 | D:3      | Reached * piety under Sif Muna
  1898 | D:3      | Noticed Jessica
  1899 | D:3      | Killed Jessica
  1900 | D:3      | Reached skill level 5 in Dodging
  1926 | D:3      | Reached XP level 5. HP: 39/41 MP: 5/5
  2282 | D:3      | Noticed a centaur
  2291 | D:3      | Killed a centaur
  2292 | D:3      | Reached skill level 7 in Polearms
  2913 | D:4      | Noticed Grinder
  2919 | D:4      | Reached XP level 6. HP: 48/48 MP: 6/6
  2919 | D:4      | Paralysed by Grinder for 5 turns
  2949 | D:4      | Killed Grinder
  2950 | D:4      | Reached skill level 8 in Polearms
  2950 | D:4      | Reached XP level 7. HP: 18/55 MP: 7/7
  3181 | D:4      | Reached ** piety under Sif Muna
  3455 | D:4      | Noticed Eustachio
  3466 | D:4      | Killed Eustachio
  3467 | D:4      | Reached skill level 9 in Polearms
  3946 | D:4      | Reached skill level 5 in Fighting
  4305 | D:4      | Found Gothaizo's Jewellery Shop.
  4348 | D:5      | Entered Level 5 of the Dungeon
  4385 | D:5      | Reached XP level 8. HP: 62/62 MP: 8/8
  4539 | D:5      | Reached skill level 10 in Polearms
  4711 | D:5      | Noticed Prince Ribbit
  4733 | D:5      | Killed Prince Ribbit
  5344 | D:6      | Found a staircase to the Ecumenical Temple.
  5353 | D:6      | Found a shimmering blue altar of Sif Muna.
  5383 | D:6      | Identified Sif Muna's Collected Works on Translocation
  5387 | D:6      | Learned a level 1 spell: Apportation
  5454 | D:6      | Learned a level 2 spell: Poisonous Vapours
  5458 | D:6      | Learned a level 3 spell: Mephitic Cloud
  5478 | D:6      | Found Dinen's Gadget Shoppe.
  5591 | D:6      | Reached skill level 11 in Polearms
  5934 | D:6      | Reached skill level 1 in Poison Magic
  5981 | D:6      | Noticed Edmund
  5995 | D:6      | Killed Edmund
  5996 | D:6      | Reached skill level 1 in Spellcasting
  5996 | D:6      | Reached skill level 1 in Conjurations
  6153 | D:6      | Reached XP level 9. HP: 62/69 MP: 10/10
  6705 | D:6      | Reached *** piety under Sif Muna
  7533 | D:7      | Reached skill level 12 in Polearms
  8458 | D:8      | Reached skill level 13 in Polearms
  8472 | D:8      | Reached **** piety under Sif Muna
  8661 | D:8      | Noticed a two-headed ogre
  8681 | D:8      | Killed a two-headed ogre
  8682 | D:8      | Reached skill level 14 in Polearms
  8682 | D:8      | Reached XP level 10. HP: 4/77 MP: 13/13
  9329 | D:9      | Reached skill level 15 in Polearms
  9742 | D:9      | Found a staircase to the Lair.
  9803 | D:9      | Found an iron altar of Okawaru.
 10626 | D:9      | Reached skill level 16 in Polearms
 10641 | D:9      | Found Kelism's Gadget Emporium.
 10793 | D:9      | Found a staircase to the Orcish Mines.
 11182 | D:9      | Reached skill level 17 in Polearms
 11568 | Lair:1   | Entered Level 1 of the Lair of Beasts
 11599 | Lair:1   | Noticed a five-headed hydra
 11611 | Lair:1   | Reached ***** piety under Sif Muna
 11640 | Lair:1   | Killed a seven-headed hydra
 11641 | Lair:1   | Reached skill level 18 in Polearms
 11641 | Lair:1   | Reached XP level 11. HP: 44/83 MP: 14/14
 12230 | Lair:1   | Identified Zuolemmi's Compendium of Harmful Darkness (Sif
                  | Muna gifted it to you on level 1 of the Lair of Beasts)
 12230 | Lair:1   | Received a gift from Sif Muna
 12418 | Lair:1   | Noticed a seven-headed hydra
 12870 | Lair:1   | Killed a seven-headed hydra
 12871 | Lair:1   | Reached skill level 19 in Polearms
 13166 | Lair:1   | Got a jewelled cloak
 13177 | Lair:1   | Identified the cursed +0 cloak of Plasticity {rF++ rC-
                  | Will+ SInv} (You found it on level 1 of the Lair of Beasts)
 13705 | Lair:1   | Learned a level 4 spell: Animate Dead
 13790 | Lair:1   | Slain by a black mamba

Illustrated notes

Levels and vault maps discovered:
D:1:      psy_arrival_heroes, layout_basic
D:2:      layout_basic
D:3:      layout_loops_cross, chequers_ecumenical_altar_island, uniq_jessica
D:4:      layout_loops_cross, serial_shops, kennysheep_mini_moat,
          lightli_minifort, uniq_eustachio, uniq_grinder
D:5:      layout_basic, st_stairs_2, uniq_prince_ribbit1
D:6:      layout_gridville, minmay_temple_entry_statues_fountains, serial_shops,
          nicolae_shop_window_shopping, led_sif_book, uniq_edmund
D:7:      layout_rooms
D:8:      layout_rooms
D:9:      layout_basic, lemuel_crystal_altar, dpeg_oklobed_lair,
          kennysheep_orc_monster_closet_entryway, serial_shops, shop
Lair:1:   layout_chaotic_city, serial_bayou_lake_a, grunt_megastairs_3

Skill      XL: |  1  2  3  4  5  6  7  8  9 10 11 |
---------------+----------------------------------+-----
Polearms       | 5 6 7 8 9 11 14 18 19 | 19.2
Fighting       | 3 4 5 6 |  6.6
Dodging        | 5 6 8 |  8.6
Poison Magic   | 1 2 3 |  3.9
Spellcasting   | 1 2 3 |  3.2
Conjurations   | 1 2 |  2.9
Throwing       | |  2.0

Action                   |  1- 3 |  4- 6 |  7- 9 | 10-12 || total
-------------------------+-------+-------+-------+-------++-------
Melee: Trident           |   104 |   132 |   344 |    12 ||   592
       Tailslap          |       |       |     2 |     7 ||     9
       Halberd           |       |       |    64 |    95 ||   159
       Glaive            |       |       |    40 |   211 ||   251
 Cast: Poisonous Vapours |       |       |       |     3 ||     3
Evoke: Wand              |       |       |       |     1 ||     1
  Use: Scroll            |       |     2 |    20 |     4 ||    26
       Potion            |       |       |       |     5 ||     5
 Stab: Sleeping          |     4 |     3 |     5 |     2 ||    14
       Distracted        |       |       |     2 |     2 ||     4
Armor: Leather armour    |    18 |    13 |    67 |    67 ||   165
Dodge: Dodged            |    42 |    78 |   274 |   280 ||   674
